 Dungeon Crawl Stone Soup version 0.18.1-5-g4a78601 (webtiles) character file.

2613 namelastname112 the Conjurer (level 9, -3/74 HPs)
             Began as a Purple Draconian Wizard on May 10, 2016.
             Was a Believer of Sif Muna.
             Hit by a large rock thrown by a cyclops (33 damage)
             ... on level 8 of the Dungeon.
             The game lasted 00:12:51 (5457 turns).

namelastname112 the Conjurer (DrWz)                 Turns: 5457, Time: 00:12:52

Health: -3/74      AC: 10    Str:  9      XL:     9   Next: 34%
Magic:  5/19       EV: 13    Int: 22 (23) God:    Sif Muna [**....]
Gold:   294        SH:  0    Dex:  9      Spells: 5 memorised, 11 levels left

rFire  . . .     SeeInvis .     y - +1 dagger (venom)
rCold  . . .     Gourm    .     (armour unavailable)
rNeg   + . .     Faith    .     (no shield)
rPois  .         Spirit   .     a - +0 hat
rElec  .         Dismiss  .     w - +2 cloak {MR+}
rCorr  .         Reflect  .     (no gloves)
SustAt .         Harm     .     (no boots)
MR     ++...                    u - amulet of regeneration
Stlth  ..........               m - ring of loudness (curse)
                                l - ring of positive energy

@: lethally poisoned (-3 -> -3), very resistant to hostile enchantments,
extremely unstealthy
A: breathe power, unfitting armour, deterioration 1, cold-blooded, AC +7
a: Breathe Dispelling Energy, Channel Energy, Renounce Religion


You were on level 8 of the Dungeon.
You worshipped Sif Muna.
Sif Muna was pleased with you.
You were very hungry.

You visited 2 branches of the dungeon, and saw 9 of its levels.

You collected 369 gold pieces.
You spent 75 gold pieces at shops.

Inventory:

Hand Weapons
 y - a +1 dagger of venom (weapon)
Armour
 a - a +0 hat (worn)
 w - a +2 cloak of magic resistance (worn)
Jewellery
 l - a ring of positive energy (left hand)
 m - a cursed ring of loudness (right hand)
 u - an amulet of regeneration (around neck)
 x - an uncursed ring of flight
 z - an uncursed ring of ice
Wands
 F - a wand of teleportation (4/9)
Scrolls
 e - 2 scrolls of teleportation
 f - 2 scrolls of immolation {unknown}
 h - a scroll of enchant weapon {unknown}
 i - a scroll of fog {unknown}
 k - 2 scrolls of enchant armour {unknown}
 n - 4 scrolls of remove curse {unknown}
 o - 6 scrolls of identify {unknown}
 r - a scroll of noise {unknown}
 s - a scroll of magic mapping {unknown}
Potions
 d - a potion of brilliance {unknown}
 g - a potion of agility {unknown}
 j - a potion of ambrosia {unknown}
 p - 3 potions of curing
 q - a potion of lignification {unknown}
 v - a potion of degeneration {unknown}
 A - a potion of mutation {unknown}
 C - 2 potions of beneficial mutation {unknown}
 E - a potion of cancellation {unknown}
 G - a potion of cure mutation {unknown}
Books
 b - a book of Minor Magic

   Spells                             Type                      Level
   a - Magic Dart                     Conjuration                  1
   b - Blink                          Translocation                2
   c - Call Imp                       Summoning                    2
   d - Repel Missiles                 Charms/Air                   2
   e - Slow                           Hexes                        2
   f - Conjure Flame                  Conjuration/Fire             3
   g - Mephitic Cloud                 Conjuration/Poison/Air       3
Comestibles
 c - 5 bread rations
 t - a slice of pizza
 B - 2 beef jerkies


   Skills:
 + Level 5.4 Fighting
 + Level 5.0 Dodging
 - Level 1.7 Stealth
 + Level 7.1 Spellcasting
 * Level 7.6 Conjurations
   Level 1.0 Summonings
 - Level 1.0 Translocations
 + Level 4.7 Invocations


You had 11 spell levels left.
You knew the following spells:

 Your Spells              Type           Power        Failure   Level  Hunger
a - Repel Missiles        Chrm/Air       #.....       14%         2    None
c - Conjure Flame         Conj/Fire      ###.....     6%          3    None
s - Mephitic Cloud        Conj/Pois/Air  ###.....     12%         3    None
x - Blink                 Tloc           N/A          10%         2    None
z - Magic Dart            Conj           ####         1%          1    None


Dungeon Overview and Level Annotations

Branches:
Dungeon (9/15)             Temple (1/1) D:4
   Lair: D:8-11         Orc: D:9-12

Altars:
Cheibriados
Dithmenos
Elyvilon
Gozag
Kikubaaqudgha
Okawaru
Pakellas
Sif Muna
Vehumet
Xom
Yredelemnul
Zin
The Shining One

Shops:
D:4 ?

Annotations:
D:8 Rekenzichi's ghost, novice DrGl


Innate Abilities, Weirdness & Mutations

You can breathe bolts of dispelling energy.
Your rich purple scales are hard (AC +7).
Your body does not fit into most forms of armour.
You are cold-blooded and may be slowed by cold attacks.
Your body sometimes deteriorates upon taking damage.


Message History

The adder bites you.
Found a dented steel amulet.
You take 2 damage, and have 31/74 hp.
The adder barely misses you.
The cyclops is engulfed in noxious fumes.
The adder barely misses you.
Rekenzichi's ghost (novice Black Draconian Gladiator) comes into view.
You see here a large rock.
The adder bites you but does no damage.
An orc and a hungry ghost come into view.
The adder bites you.
You are poisoned.
The adder poisons you!
The phantom blinks!
There is an open door here.
You take 2 damage, and have 32/74 hp.
You feel sick.
Found a stone staircase leading up.
You feel sick. The adder bites you. The adder barely misses you.
You take 4 damage, and have 29/74 hp.
The cyclops throws a large rock.
The large rock hits you!!
You die...

#######..<..[...
#........<...Wo#
#..............#
#.......W....W.#
#......#......#
####......#?.....#
..........#§.....####.
.###.....S#...........
..<....@..C.(.......".
...#......############
#.###### # .


You could see a cyclops, a phantom and an adder.

Vanquished Creatures
  The ghost of bollicks1999 the Covert, a novice OpAs (D:4)
  2 two-headed ogres
  Sigmund (D:5)
  A wyvern (D:9)
  Duvessa (D:5)
  A sky beast (D:8)
  3 ogres
  A centaur (D:8)
  4 big kobolds (D:3)
  Dowan (D:5)
  3 crimson imps
  3 centaur zombies (D:8)
  A hound (D:4)
  Crazy Yiuf (D:3)
  A giant frog skeleton (D:5)
  An iguana (D:4)
  An orc wizard (D:8)
  4 worker ants
  5 gnolls (D:3)
  4 adders
  An ooze (D:2)
  An adder skeleton (D:4)
  2 worms (D:2)
  5 dart slugs
  2 giant geckos
  7 orcs
  4 giant cockroaches
  39 goblins
  29 hobgoblins
  11 jackals
  15 kobolds
  A quokka (D:4)
  4 ball pythons
  7 bats
  A giant gecko zombie (D:8)
  6 giant newts
  10 rats
  A fungus (D:3)
186 creatures vanquished.

Vanquished Creatures (others)
  An orange crystal statue (D:3)
1 creature vanquished.

Grand Total: 187 creatures vanquished

Notes
Turn   | Place    | Note
--------------------------------------------------------------
     0 | D:1      | namelastname112 the Draconian Wizard began the quest for the Orb.
     0 | D:1      | Reached XP level 1. HP: 14/14 MP: 4/4
    98 | D:1      | Reached XP level 2. HP: 22/22 MP: 1/6
   479 | D:2      | Reached skill level 1 in Fighting
   508 | D:2      | Reached XP level 3. HP: 28/28 MP: 2/7
   524 | D:2      | Learned a level 2 spell: Blink
   527 | D:2      | Learned a level 2 spell: Repel Missiles
   531 | D:2      | Learned a level 3 spell: Mephitic Cloud
  1430 | D:3      | Reached XP level 4. HP: 35/35 MP: 3/9
  1523 | D:3      | Noticed Crazy Yiuf
  1532 | D:3      | Paralysed by you for 7 turns
  1543 | D:3      | Killed Crazy Yiuf
  1672 | D:3      | Found an oddly glowing altar of Pakellas.
  1672 | D:3      | Noticed an orange crystal statue
  1673 | D:3      | Noticed a troll
  1683 | D:3      | Killed an orange crystal statue
  1900 | D:3      | Reached XP level 5. HP: 35/41 MP: 1/10
  1901 | D:3      | xeno23: сдох чтоль
  1901 | D:3      | namelastname112: ну да
  1901 | D:3      | namelastname112: блинк удачный был
  1901 | D:3      | namelastname112: в флейм клауд
  1901 | D:3      | namelastname112: и рядом с гидрой
  2261 | D:3      | namelastname112: хмм
  2261 | D:3      | namelastname112: пойду к сифу наверное опять
  2261 | D:3      | namelastname112: нет еще вина с ней
  2261 | D:3      | namelastname112: на турнире
  2261 | D:3      | namelastname112: у меня
  2340 | D:4      | Found Suim's Magic Scroll Shoppe.
  2353 | D:4      | Bought a scroll of blinking for 75 gold pieces
  2464 | D:4      | Found a glowing silver altar of Zin.
  2464 | D:4      | Found a glowing golden altar of the Shining One.
  2478 | D:4      | Found a white marble altar of Elyvilon.
  2555 | D:4      | Found a staircase to the Ecumenical Temple.
  2594 | Temple   | Entered the Ecumenical Temple
  2726 | Temple   | Became a worshipper of Sif Muna the Loreminder
  2823 | D:4      | Noticed bollicks1999's ghost (novice OpAs)
  2857 | D:4      | barb4r1an: почему к гнолам не сходил?
  2863 | D:4      | Killed bollicks1999's ghost
  2863 | D:4      | Reached skill level 1 in Invocations
  2863 | D:4      | Reached XP level 6. HP: 32/51 MP: 0/12
  2863 | D:4      | Your scales start taking on a rich purple colour.
  2863 | D:4      | Reached skill level 5 in Spellcasting
  2863 | D:4      | Reached XP level 7. HP: 36/57 MP: 0/14
  2864 | D:4      | namelastname112: потому что бога не было
  2864 | D:4      | namelastname112: и цвета
  2864 | D:4      | namelastname112: ща вот пойду
  3136 | D:4      | Reached skill level 5 in Conjurations
  3213 | D:4      | Reached * piety under Sif Muna
  3794 | D:3      | Reached XP level 8. HP: 65/66 MP: 8/16
  4210 | D:5      | Entered Level 5 of the Dungeon
  4256 | D:5      | Learned a level 3 spell: Conjure Flame
  4444 | D:5      | Noticed Sigmund
  4459 | D:5      | Killed Sigmund
  4514 | D:5      | Noticed Duvessa
  4516 | D:5      | Noticed Dowan
  4532 | D:5      | Killed Duvessa
  4541 | D:5      | Killed Dowan
  5074 | D:6      | Found a shimmering altar of Xom.
  5094 | D:6      | You fall through a shaft for 3 floors!
  5103 | D:9      | Reached ** piety under Sif Muna
  5103 | D:9      | Reached skill level 5 in Fighting
  5106 | D:9      | Noticed a two-headed ogre
  5117 | D:9      | Killed a two-headed ogre
  5117 | D:9      | Reached XP level 9. HP: 27/74 MP: 1/19
  5378 | D:8      | Reached skill level 5 in Dodging
  5392 | D:8      | Gained mutation: Your body sometimes deteriorates upon taking damage. [mutagenic meat]
  5417 | D:8      | oplop: бле
  5417 | D:8      | Noticed a red ugly thing
  5433 | D:8      | oplop: че лучше, +3 электродаггер или +4 спидрапира?
  5436 | D:8      | namelastname112: элек
  5441 | D:8      | oplop: аквар говно дает...
  5444 | D:8      | Noticed a cyclops
  5445 | D:8      | oplop: нет чтоб +12 кб дать, ы
  5452 | D:8      | Noticed Rekenzichi's ghost (novice DrGl)
  5457 | D:8      | Hit by a large rock thrown by a cyclops

Skill      XL: |  1  2  3  4  5  6  7  8  9 |
---------------+----------------------------+-----
Conjurations   | 2 3 4 5 7 |  7.6
Fighting       | 1 2 3 4 5 |  5.4
Dodging        | 2 3 4 5 |  5.0
Spellcasting   | 4 5 6 7 |  7.1
Invocations    | 1 2 4 |  4.7
Stealth        | |  1.7
Summonings     | |  1.0
Translocations | |  1.0

Action                   |  1- 3 |  4- 6 |  7- 9 || total
-------------------------+-------+-------+-------++-------
Melee: Mace              |    32 |       |       ||    32
       Unarmed           |     4 |       |       ||     4
       Tailslap          |    10 |     9 |    27 ||    46
       Short sword       |    53 |    88 |   229 ||   370
       Dagger            |       |       |   121 ||   121
 Cast: Magic Dart        |    54 |    62 |    82 ||   198
       Mephitic Cloud    |       |     1 |    18 ||    19
       Blink             |       |       |    16 ||    16
       Conjure Flame     |       |       |     8 ||     8
Invok: Channel Energy    |       |       |     9 ||     9
 Abil: Breathe Dispellin |       |       |     2 ||     2
  Use: Scroll            |       |       |     3 ||     3
       Potion            |       |       |     1 ||     1
 Stab: Sleeping          |     1 |       |     1 ||     2
       Confused          |       |       |     4 ||     4
  Eat: Chunk             |     1 |     4 |     7 ||    12
       Meat ration       |       |       |     1 ||     1
Armor: Skin              |    36 |    39 |   194 ||   269
Dodge: Dodged            |    63 |    53 |   332 ||   448
